 Dungeon Crawl Stone Soup version 0.31-a0-234-gad7ace16ef (webtiles) character file.

Game seed: 293267987898788740

961 qw the Shooter (level 8, -23/48 HPs)
             Began as a Gargoyle Hexslinger on July 9, 2023.
             Was an Initiate of Okawaru.
             Annihilated by an ogre
             ... wielding a +0 giant club
              (28 damage)
             ... on level 6 of the Dungeon.
             The game lasted 00:01:17 (4142 turns).

qw the Shooter (Gargoyle Hexslinger)                Turns: 4142, Time: 00:01:18

Health: -23/48     AC: 15    Str: 11      XL:     8   Next: 15%
Magic:  9/9        EV: 10    Int: 14 (15) God:    Okawaru [......]
Gold:   251        SH:  0    Dex: 13 (14) Spells: 8/9 levels left

rFire   . . .        Y - +7 triple crossbow
rCold   . . .        (shield currently unavailable)
rNeg    + . .        e - +0 ring mail
rPois   inf          k - +0 helmet
rElec   +            (no cloak)
rCorr   +            c - +2 pair of gloves
SInv    .            (no boots)
Will    +....        (no amulet)
Stlth   +            j - ring of resist corrosion
HPRegen 0.28/turn    (no ring)
MPRegen 0.11/turn

%: no passive effects
@: no status effects
A: sickness immunity, AC +5, negative energy resistance 1, electricity
resistance, torment resistance 1, petrification resistance, deterioration 1,
strong-willed 1
a: Renounce Religion


You were on level 6 of the Dungeon.
You worshipped Okawaru.
Okawaru was noncommittal.
You visited 2 branches of the dungeon, and saw 7 of its levels.

You collected 251 gold pieces.


Innate Abilities, Weirdness & Mutations

You are immune to sickness and miasma.
Your stone body is resilient. (AC +5)
You are immune to poison.
You resist negative energy. (rN+)
You are resistant to electric shocks. (rElec)
You are resistant to unholy torment.
You are immune to petrification.
Your body sometimes deteriorates upon taking damage.
You are strong-willed. (Will+)


   Skills:
 - Level 4.9 Fighting
 + Level 7.5 Ranged Weapons
 - Level 2.8 Armour
 - Level 1.5 Dodging
 - Level 1.0 Spellcasting
 - Level 2.6 Hexes
 - Level 0.5 Invocations


You had 8 spell levels left.
You knew the following spells:

 Your Spells              Type           Power      Damage    Failure   Level
a - Slow                  Hex            32%        N/A       21%         1

Your spell library contained the following spells:

 Spells                   Type           Power      Damage    Failure   Level
 Inner Flame              Hex/Fire       4%         N/A       71%         3
 Portal Projectile        Hex/Tloc       8%         N/A       71%         3
 Cause Fear               Hex            4%         N/A       89%         4

Inventory:

Hand Weapons
 Y - a +7 triple crossbow (weapon)
Armour
 c - a +2 pair of gloves (worn)
 e - a +0 ring mail (worn)
 k - a +0 helmet (worn)
Jewellery
 j - a ring of resist corrosion (left hand)
Wands
 l - a wand of digging (5)
Scrolls
 a - a scroll of identify
Potions
 b - a potion of mutation
 d - a potion of resistance
 f - 2 potions of curing
 g - a potion of haste
 i - a potion of magic

Dungeon Overview and Level Annotations

Branches:
Dungeon (6/15)             Temple (1/1) D:4

Altars:
Ashenzari
Cheibriados
Dithmenos
Elyvilon
Fedhas
Gozag
Hepliaklqana
Kikubaaqudgha
Makhleb
Okawaru
Qazlal
Ru
Trog
Uskayaw
Zin
Lugonu

Shops:
D:3 *

Annotations:
D:5 1 runed translucent door, Crazy Yiuf


Message History

You climb downwards.
There is a stone staircase leading up here.
Waypoint 6 assigned to D:6.
A phantom comes into view.
You shoot a bolt. The bolt hits the phantom!
The phantom is heavily damaged.
You shoot a bolt. The bolt misses the phantom.
You shoot a bolt. The bolt barely misses the phantom.
The phantom hits you.
You shoot a bolt. The bolt hits the phantom!
You destroy the phantom!
Okawaru accepts your kill.
Your Armour skill increases to level 2!
You start resting.
HP restored.
You now have 251 gold pieces (gained 14).
An ogre comes into view. It is wielding a +0 giant club.
You shoot a bolt. The ogre shouts!
The bolt hits the ogre!
The ogre is heavily wounded.
You shoot a bolt. The bolt completely misses the ogre.
The ogre hits you with a +0 giant club!
Your body deteriorates!
You feel dopey.
You shoot a bolt. The bolt barely misses the ogre.
The ogre barely misses you. The ogre hits you with a +0 giant club!
You shoot a bolt. The bolt barely misses the ogre.
The ogre misses you.
You shoot a bolt. The bolt closely misses the ogre.
The ogre hits you with a +0 giant club. x2
You shoot a bolt. The bolt hits the ogre.
The ogre is heavily wounded.
The ogre hits you with a +0 giant club!
Your body deteriorates!
You feel clumsy.
You shoot a bolt. The bolt completely misses the ogre.
The ogre closely misses you.
You shoot a bolt. The bolt completely misses the ogre.
The ogre hits you with a +0 giant club!!
Ouch! That really hurt!
You die...

#.##.#
#.##.#
#.##.#
#.##.#
#.##.#
#.##.#
#.##.#####
#.##.....#
#....@.#.#
######O#
.# .# ##


You could see an ogre.

Vanquished Creatures
  Eustachio (D:5)
  A black bear (D:5)
  2 ogres
  A phantom (D:6)
  A scorpion (D:4)
  A hound (D:5)
  A jelly (D:5)
  An orc priest (D:5)
  Jessica (D:3)
  2 iguanas
  Ijyb (D:5)
  An orc wizard (D:5)
  Robin (D:5)
  9 adders
  3 ufetubi (D:5)
  11 dart slugs
  3 orcs
  3 ball pythons
  2 bats
  8 endoplasms
  5 giant cockroaches
  11 goblins
  7 hobgoblins
  4 kobolds
  3 quokkas
  A frilled lizard (D:1)
  3 rats
88 creatures vanquished.

Notes
Turn   | Place    | Note
-------+----------+-------------------------------------------
     0 | D:1      | qw the Gargoyle Hexslinger began the quest for the Orb.
     0 | D:1      | Reached XP level 1. HP: 12/12 MP: 2/2
     0 | D:1      | 0 ||| qw: Version: 0.3-a-51-g015441d
     0 | D:1      | 0 ||| qw: Game counter: 4074
     0 | D:1      | 0 ||| qw: Melee chars always use a shield: true
     0 | D:1      | 0 ||| qw: God list: Okawaru
     0 | D:1      | 0 ||| qw: Allow faded altars: false
     0 | D:1      | 0 ||| qw: Do Orc after clearing Dungeon:15 true
     0 | D:1      | 0 ||| qw: Do second Lair branch before Depths: true
     0 | D:1      | 0 ||| qw: Lair rune preference: random
     0 | D:1      | 0 ||| qw: Goals: Normal
     0 | D:1      | 0 ||| PLANNING D:1-11
   119 | D:1      | Reached XP level 2. HP: 16/16 MP: 3/3
   291 | D:1      | Reached skill level 3 in Ranged Weapons
   437 | D:1      | Reached XP level 3. HP: 21/21 MP: 4/4
   764 | D:1      | 764 ||| UPGRADING to +0 ring mail.
   774 | D:1      | 774 ||| DROPPING +0 robe.
   775 | D:1      | 775 ||| UPGRADING to ring of resist corrosion.
   776 | D:1      | 776 ||| READING 2 scrolls labelled QARUNO XOTHATSU.
   777 | D:1      | 777 ||| READING scroll labelled XUEWEGGO YDEIGG.
   778 | D:1      | 778 ||| READING scroll labelled LEEGAO DUGEDU.
   778 | D:1      | Identified a scroll of acquirement
   778 | D:1      | 778 ||| ACQUIRING +7 triple crossbow
   778 | D:1      | Acquired a +7 triple crossbow
   780 | D:1      | 780 ||| SWAPPING to +7 triple crossbow.
   781 | D:1      | 781 ||| DROPPING +1 sling.
   782 | D:1      | 782 ||| READING scroll labelled JOGOUMI GOOT.
   783 | D:1      | 783 ||| DROPPING scroll of poison.
  1306 | D:2      | Reached XP level 4. HP: 26/26 MP: 5/5
  1417 | D:2      | Reached skill level 4 in Ranged Weapons
  1642 | D:2      | 1642 ||| READING scroll labelled EJOSIE FOGUNG.
  1645 | D:2      | 1645 ||| READING scroll labelled MOKLOZUIFI.
  1646 | D:2      | 1646 ||| READING scroll labelled QIECIP RAPLIWN.
  1747 | D:2      | 1747 ||| DRINKING 2 green potions.
  1747 | D:2      | Gained mutation: Your body sometimes deteriorates upon
                  | taking damage. [potion of mutation]
  1747 | D:2      | Gained mutation: You are strong-willed. (Will+) [potion of
                  | mutation]
  1748 | D:2      | 1748 ||| READING 3 scrolls of identify.
  1748 | D:2      | 1748 ||| IDENTIFYING purple potion
  1749 | D:2      | 1749 ||| READING 2 scrolls of identify.
  1749 | D:2      | 1749 ||| IDENTIFYING silvery potion
  1750 | D:2      | 1750 ||| DROPPING potion of brilliance.
  1779 | D:3      | Noticed Jessica
  1783 | D:3      | Killed Jessica
  1784 | D:3      | Reached skill level 1 in Armour
  1876 | D:3      | Found an opulent altar of Gozag.
  1878 | D:3      | Found Gozag's Platinum Reserve.
  1888 | D:3      | 1888 ||| SHOPLISTING amulet "Japugeph" {Spirit +Blink rF+++
                  | Regen+ Dex-5} (6850 gold, have 104).
  1888 | D:3      | 1888 ||| SHOPLISTING ring of Salvation {rC+ Dex+3 SInv}
                  | (3530 gold, have 104).
  2103 | D:3      | Found a hide-covered altar of Uskayaw.
  2177 | D:3      | Reached XP level 5. HP: 30/30 MP: 6/6
  2416 | D:3      | Found a snail-covered altar of Cheibriados.
  2418 | D:3      | Found a sacrificial altar of Ru.
  2419 | D:3      | 2419 ||| READING scroll labelled DEEFUO HUAP.
  2420 | D:3      | 2420 ||| READING 3 scrolls of identify.
  2420 | D:3      | 2420 ||| IDENTIFYING bubbling orange potion
  2421 | D:3      | 2421 ||| READING 2 scrolls of identify.
  2421 | D:3      | 2421 ||| IDENTIFYING viscous golden potion
  2422 | D:3      | 2422 ||| DROPPING potion of ambrosia.
  2446 | D:4      | 2446 ||| FLEEEEING.
  2447 | D:4      | 2447 ||| FLEEEEING.
  2449 | D:4      | 2449 ||| STAIRDANCE
  2474 | D:4      | 2474 ||| STAIRDANCE
  2592 | D:4      | Found a shadowy altar of Dithmenos.
  2613 | D:4      | Found a staircase to the Ecumenical Temple.
  2614 | D:4      | 2614 ||| PLANNING TEMPLE
  2614 | D:4      | 2614 ||| UPGRADING to +1 pair of gloves.
  2619 | D:4      | 2619 ||| READING 2 scrolls labelled XORYUL RIEC.
  2620 | D:4      | 2620 ||| DROPPING scroll of fear.
  2629 | Temple   | Entered the Ecumenical Temple
  2657 | Temple   | 2657 ||| PLANNING D:1-11
  2675 | D:4      | Noticed an ogre
  2677 | D:4      | Killed an ogre
  2678 | D:4      | Reached skill level 5 in Ranged Weapons
  2678 | D:4      | Reached XP level 6. HP: 35/35 MP: 7/7
  2693 | D:4      | Found a stormy altar of Qazlal.
  2867 | D:4      | Found an iron altar of Okawaru.
  2868 | D:4      | 2868 ||| PLANNING OKAWARU WORSHIP
  2874 | D:4      | Became a worshipper of Warmaster Okawaru
  2875 | D:4      | 2875 ||| PLANNING D:1-11
  2954 | D:4      | Reached skill level 3 in Fighting
  3332 | D:4      | 3332 ||| UPGRADING to +2 pair of gloves.
  3342 | D:4      | 3342 ||| DROPPING +1 pair of gloves.
  3368 | D:4      | 3368 ||| STAIRDANCE
  3369 | D:3      | Found a bloodstained altar of Trog.
  3414 | D:5      | Entered Level 5 of the Dungeon
  3441 | D:5      | Reached skill level 6 in Ranged Weapons
  3454 | D:5      | Noticed Eustachio
  3458 | D:5      | Killed Eustachio
  3459 | D:5      | Reached XP level 7. HP: 44/44 MP: 8/8
  3545 | D:5      | Found a runed translucent door.
  3546 | D:5      | Noticed Crazy Yiuf
  3702 | D:5      | Noticed Robin
  3705 | D:5      | Killed Robin
  3713 | D:5      | Reached * piety under Okawaru
  3801 | D:5      | 3801 ||| INVOKING Heroism.
  3803 | D:5      | Reached skill level 7 in Ranged Weapons
  3939 | D:5      | Reached XP level 8. HP: 39/48 MP: 9/9
  3979 | D:5      | Noticed Ijyb
  3980 | D:5      | 3980 ||| INVOKING Heroism.
  3986 | D:5      | 3986 ||| INVOKING Heroism.
  3989 | D:5      | Killed Ijyb
  4048 | D:5      | 4048 ||| UPGRADING to +0 helmet.
  4053 | D:5      | 4053 ||| READING 2 scrolls labelled HUAMILYCSA.
  4054 | D:5      | 4054 ||| READING 3 scrolls of identify.
  4054 | D:5      | 4054 ||| IDENTIFYING red potion
  4055 | D:5      | 4055 ||| READING 2 scrolls of identify.
  4055 | D:5      | 4055 ||| IDENTIFYING ruby potion
  4056 | D:5      | 4056 ||| DROPPING scroll of immolation.
  4139 | D:6      | HP: 11/48 [ogre/+0 giant club (5)]
  4140 | D:6      | HP: 3/48 [ogre/+0 giant club (8)]
  4142 | D:6      | Annihilated by an ogre

Levels and vault maps discovered:
D:1:      dpeg_chamrin_arrival_tetris, layout_basic
D:2:      layout_loops_corners, chequers_mini_garden
D:3:      layout_loops_ring, nicolae_gozag_zags_fifth_avenue,
          nicolae_overflow_hidden_temple, uniq_jessica
D:4:      kennysheep_slugbush, layout_cave_pods,
          nicolae_dithmenos_through_a_glass_darkly, mainiacjoe_overflow_paths,
          old_standard_altar, minmay_temple_entry_grid
D:5:      layout_rooms, nicolae_goblin_pals, uniq_crazy_yiuf_cottage,
          uniq_eustachio
D:6:      layout_basic, overflow_temple_1_default, nicolae_benzene_ring
Temple:   corrupted_temple

Skill      XL: |  1  2  3  4  5  6  7  8 |
---------------+-------------------------+-----
Ranged Weapons | 3 4 5 6 7 |  7.5
Fighting       | 2 4 |  4.9
Armour         | 1 2 |  2.8
Dodging        | |  1.5
Spellcasting   | |  1.0
Hexes          | |  2.6
Invocations    | |  0.5

Action                     |  1- 3 |  4- 6 |  7- 9 || total
---------------------------+-------+-------+-------++-------
   Fire: Sling             |    51 |       |       ||    51
         Triple crossbow   |    16 |    69 |    56 ||   141
 Invoke: Heroism           |       |       |     3 ||     3
    Use: Scroll            |     4 |     9 |     3 ||    16
         Potion            |       |     1 |       ||     1
 Armour: Robe              |     3 |       |       ||     3
         Ring mail         |     2 |    17 |    22 ||    41
  Dodge: Dodged            |    16 |    14 |    27 ||    57

Table legend:
 A = Non-vault XP
 B = Vault XP
 C = Vault XP percentage of total XP
 D = Non-vault monster count
 E = Vault monster count
 F = Vault count percentage of total count
                 A         B        C        D         E       F
            +---------+---------+-------+---------+---------+-------
      Total |    1047 |     326 |  23.7 |      72 |      16 |  18.2
            +---------+---------+-------+---------+---------+-------
        D:1 |      42 |       0 |   0.0 |      22 |       0 |   0.0
        D:2 |      64 |       0 |   0.0 |      14 |       0 |   0.0
        D:3 |      36 |      37 |  50.7 |       7 |       1 |  12.5
        D:4 |     298 |      24 |   7.5 |      13 |       6 |  31.6
        D:5 |     502 |     265 |  34.6 |      15 |       9 |  37.5
        D:6 |     105 |       0 |   0.0 |       1 |       0 |   0.0
            +---------+---------+-------+---------+---------+-------
